 Dungeon Crawl Stone Soup version 0.26.1-11-gd32895ea62 (webtiles) character file.

Game seed: 13422495986560002825

464 tobikenobi the Chopper (level 6, -2/53 (55) HPs)
             Began as a Minotaur Fighter on May 25, 2021.
             Was an Initiate of Okawaru.
             Slain by Crazy Yiuf
             ... wielding a +4 quarterstaff of chaos
              (14 damage)
             ... on level 3 of the Dungeon.
             The game lasted 00:05:16 (2642 turns).

tobikenobi the Chopper (Minotaur Fighter)           Turns: 2642, Time: 00:05:17

HP:   -2/53 (55)    AC: 16    Str: 22    XL:     6   Next: 80%
MP:   5/5           EV:  4    Int:  5    God:    Okawaru [......]
Gold: 217           SH: 10    Dex: 10    Spells: 5/5 levels left

rFire    . . .     SeeInvis .   a - +0 war axe
rCold    . . .     Faith    .   c - +0 kite shield
rNeg     . . .     Spirit   .   j - +0 plate armour
rPois    .         Reflect  .   (helmet restricted)
rElec    .         Harm     .   n - scarf {shadows}
rCorr    .         Rampage  .   (no gloves)
Will     .....                  (no boots)
Stlth    ..........             k - amulet of regeneration
HPRegen  0.57/turn              h - +4 ring of protection
MPRegen  0.09/turn              (no ring)

@: lightly drained
A: retaliatory headbutt, horns 2
a: Renounce Religion


You were on level 3 of the Dungeon.
You worshipped Okawaru.
Okawaru was noncommittal.
You visited 1 branch of the dungeon, and saw 3 of its levels.
You also visited: Sewer.

You collected 217 gold pieces.

Inventory:

Hand Weapons
 a - a +0 war axe (weapon)
Armour
 b - a +0 scale mail
 c - a +0 kite shield (worn)
 j - a +0 plate armour (worn)
 n - a scarf of shadows (worn)
Jewellery
 h - a +4 ring of protection (left hand)
 k - an amulet of regeneration (around neck)
 s - a +4 ring of protection
Scrolls
 f - a scroll of fear {unknown}
 i - 6 scrolls of identify {unknown}
 l - a scroll of enchant weapon {unknown}
 m - 2 scrolls of teleportation {unknown}
 p - a scroll of noise {unknown}
 q - 2 scrolls of remove curse {unknown}
 r - a scroll of amnesia {unknown}
Potions
 d - 3 potions of might
 e - 2 potions of resistance {unknown}
 g - 2 potions of curing {unknown}
 o - a potion of invisibility {unknown}


   Skills:
 + Level 4.9 Fighting
 + Level 6.3 Axes
 + Level 5.1 Armour
 + Level 0.4 Dodging
 + Level 5.0 Shields


You had 5 spell levels left.
You didn't know any spells.
Your spell library contained the following spells:

 Spells                   Type           Power        Failure   Level
 Confusing Touch          Hex            0%           100%        3
 Gell's Gravitas          Tloc           0%           100%        3
 Petrify                  Tmut/Erth      0%           100%        4
 Metabolic Englaciation   Hex/Ice        0%           100%        5
 Yara's Violent Unravell  Hex/Tmut       0%           100%        5


Dungeon Overview and Level Annotations

Branches:
Dungeon (3/15)              Sewer (visited)

Altars:
Fedhas
Okawaru
Qazlal

Annotations:
D:3 Crazy Yiuf


Innate Abilities, Weirdness & Mutations

You reflexively headbutt those who attack you in melee.
You have a pair of horns on your head.


Message History

You barely miss Crazy Yiuf.
Crazy Yiuf is moderately wounded.
Crazy Yiuf hits you with a +4 quarterstaff of chaos.
You blink.
You barely miss Crazy Yiuf.
Crazy Yiuf is moderately wounded.
Crazy Yiuf hits you but does no damage.
You are electrocuted!!
Crazy Yiuf hits you with a +4 quarterstaff of chaos.
You feel drained.
You hit Crazy Yiuf but do no damage. Your headbutt misses Crazy Yiuf.
Crazy Yiuf is moderately wounded.
Crazy Yiuf yells, "Scoff sallow wrapper!"
Crazy Yiuf hits you with a +4 quarterstaff of chaos!
Crazy Yiuf freezes you.
* * * LOW HITPOINT WARNING * * *
Your shield and plate armour prevent you from hitting Crazy Yiuf.
Your headbutt misses Crazy Yiuf.
Crazy Yiuf is moderately wounded.
Crazy Yiuf hits you but does no damage. Space warps horribly around you!
You die...

...#
#.......###########.#####
##.# #..........# #.#
.#.# #..........# #.#
.#.## #..######### #.##
....# #..# #..# .##.#
##.# ##.# ###.# #.# ####
♣♣###.# #...## #.#
#)..#♣♣ ♣♣.#...# #....#
#.# #...g@♣♣♣♣......#
#....# #.#
#...#♣..♣......## #....#
#.# #### ♣♣♣.♣..#.##
#....###.# ♣♣♣♣♣###
#.....##.#
###.#.##.############
#.#..#....(.(.....#
#.##.#......#####.##
#.##.#.####.....#..#


You could see Crazy Yiuf.

Vanquished Creatures
  Sigmund (D:3)
  2 bullfrogs (Sewer)
  Jessica (D:3)
  5 adders
  A river rat (D:3)
  3 oozes (D:1)
  4 worms
  A dart slug (D:2)
  5 bats
  11 giant cockroaches
  12 goblins
  4 hobgoblins
  7 jackals (D:1)
  A quokka (D:2)
  2 ball pythons
  7 frilled lizards
  5 kobolds
  15 rats
87 creatures vanquished.

Vanquished Creatures (others)
  2 plants (D:3)
2 creatures vanquished.

Grand Total: 89 creatures vanquished

Notes
Turn   | Place    | Note
-------+----------+-------------------------------------------
     0 | D:1      | tobikenobi the Minotaur Fighter began the quest for the
                  | Orb.
     0 | D:1      | Reached XP level 1. HP: 19/19 MP: 0/0
     1 | D:1      | Found a runed translucent door.
   331 | D:1      | Reached XP level 2. HP: 27/27 MP: 1/1
   772 | D:1      | Reached XP level 3. HP: 33/33 MP: 2/2
   775 | D:1      | Reached skill level 3 in Axes
  1056 | D:2      | Reached XP level 4. HP: 40/40 MP: 3/3
  1668 | D:3      | Noticed Sigmund
  1687 | D:3      | Killed Sigmund
  1688 | D:3      | Reached skill level 5 in Axes
  1688 | D:3      | Reached XP level 5. HP: 19/47 MP: 4/4
  1744 | D:3      | Found an iron altar of Okawaru.
  1748 | D:3      | Noticed Jessica
  1750 | D:3      | Became a worshipper of Warmaster Okawaru
  1759 | D:3      | Killed Jessica
  1815 | D:3      | Found a blossoming altar of Fedhas.
  1883 | D:3      | Found a runed translucent door.
  1884 | D:3      | Noticed Crazy Yiuf
  1961 | D:3      | Reached XP level 6. HP: 53/53 MP: 5/5
  1973 | D:3      | Found a stormy altar of Qazlal.
  2040 | D:3      | Found a glowing drain.
  2050 | Sewer    | Entered a sewer
  2246 | Sewer    | Reached skill level 6 in Axes
  2246 | Sewer    | Reached skill level 5 in Armour
  2250 | Sewer    | Reached skill level 5 in Shields
  2642 | D:3      | Slain by Crazy Yiuf

Illustrated notes

Levels and vault maps discovered:
D:1:      dpeg_arrival_caged_fury, layout_loops_ring
D:2:      layout_basic
D:3:      layout_basic, general_overflow_altar, okawaru_gym_becter,
          fedhas_altar_1, portal_sewer_entry_e, uniq_sigmund,
          uniq_crazy_yiuf_cottage, uniq_jessica

Skill      XL: |  1  2  3  4  5  6 |
---------------+-------------------+-----
Fighting       | 4 |  4.9
Armour         | 4 5 |  5.1
Shields        | 4 5 |  5.0
Axes           | 3 5 6 |  6.3
Dodging        | |  0.4

Action                   |  1- 3 |  4- 6 || total
-------------------------+-------+-------++-------
Melee: War axe           |    74 |   147 ||   221
       Headbutt          |     4 |    12 ||    16
Armor: Scale mail        |     2 |       ||     2
       Plate armour      |    57 |   111 ||   168
Dodge: Dodged            |    19 |    17 ||    36
Block: Kite shield       |    41 |    71 ||   112
